[Event "Titled Tuesday Blitz December 20 Early 2022"]
[White "dropstoneDP"]
[Black "Zhigalko_Sergei"]
[WhiteElo "3038"]
[BlackElo "2876"]
[Result "1-0"]
[Round "04"]
[TimeControl "180+2"]
[Date "2022.12.20"]
[WhiteClock "0:00:13"]
[BlackClock "0:00:01"]

1. e4 c5 2. Nf3 Nc6 3. Nc3 Nf6 4. Bb5 Qc7 5. O-O Nd4 6. Re1 a6 7. Bf1 e5 8. Nd5 Nxd5 9. exd5 d6 10. b4 Be7 11. bxc5 Qxc5 12. c3 Nxf3+ 13. Qxf3 O-O 14. d4 Qc7 15. dxe5 dxe5 16. c4 Bd7 17. a4 a5 18. Bb2 f6 19. Qb3 Bc5 20. Ba3 b6 21. Bd3 Rab8 22. h3 Rfc8 23. Qc2 h6 24. Red1 Qd6 25. Bxc5 bxc5 26. Bh7+ Kh8 27. Bf5 Rb4 28. Bxd7 Qxd7 29. Ra3 Qd6 30. Rg3 Rc7 31. Rg4 Rcb7 32. Qg6 Re7 33. Rd3 e4 34. Rdg3 Rb8 35. Rh4 Rb1+ 36. Kh2 1-0


[Site "https://www.chess.com"]

[Event "Titled Tuesday Blitz December 20 Early 2022"]
[White "fks_stal_mielec"]
[Black "Husnutdinov, Damir"]
[BlackFideId "14200910"]
[WhiteElo "2284"]
[BlackElo "2415"]
[Result "0-1"]
[Round "04"]
[TimeControl "180+2"]
[Date "2022.12.20"]
[WhiteClock "0:00:01"]
[BlackClock "0:00:13"]

1. d4 Nf6 2. c4 e6 3. Nc3 c5 4. e3 d5 5. Nf3 Be7 6. Bd3 O-O 7. O-O dxc4 8. Bxc4 cxd4 9. exd4 Nd5 10. Re1 Nxc3 11. bxc3 Bf6 12. a4 Nc6 13. Ba3 Re8 14. Qc2 Qc7 15. Bd3 h6 16. Be4 b6 17. Bxc6 Qxc6 18. Ne5 Bxe5 19. Rxe5 Bb7 20. f4 Rac8 21. Bb2 Red8 22. Qf2 Rd5 23. Rxd5 Qxd5 24. a5 bxa5 25. Re1 a4 26. Ra1 Bc6 27. Ba3 Rb8 28. Bc5 a6 29. h3 Rb3 30. Qc2 a5 31. c4 Qh5 32. Qf2 Qg6 33. Kh2 h5 34. Qd2 Qg3+ 0-1


[Site "https://www.chess.com"]

[Event "Titled Tuesday Blitz December 20 Early 2022"]
[White "forevery0ung"]
[Black "SaiHanThiha"]
[WhiteElo "2661"]
[BlackElo "2429"]
[Result "0-1"]
[Round "04"]
[TimeControl "180+2"]
[Date "2022.12.20"]
[WhiteClock "0:00:04"]
[BlackClock "0:00:11"]

1. Nf3 Nf6 2. g3 d5 3. Bg2 Bf5 4. O-O e6 5. Nh4 Bg4 6. h3 Bh5 7. g4 Nfd7 8. Nf3 Bg6 9. d3 h5 10. g5 h4 11. Nc3 c6 12. Bf4 Qe7 13. e4 d4 14. Nxd4 e5 15. Nf5 Qe6 16. Be3 Bxf5 17. exf5 Qxf5 18. Re1 Be7 19. Qd2 O-O 20. Kh2 Na6 21. Rg1 Nac5 22. Raf1 Rad8 23. Qe2 Bxg5 24. Kh1 Bf4 25. Qf3 Ne6 26. Ne2 Nf6 27. Ng3 hxg3 28. fxg3 Ng5 29. Qe2 Nxh3 30. gxf4 Nxf4 31. Bxf4 exf4 32. Be4 Qh3+ 33. Qh2 Qxh2+ 34. Kxh2 Nxe4 35. dxe4 Rd2+ 36. Rg2 Rfd8 37. Rff2 Rxf2 38. Rxf2 g5 39. Kh3 Kg7 40. Kg4 Kg6 41. Rh2 a5 42. e5 Re8 43. Re2 f5+ 44. Kf3 Rd8 45. e6 Kf6 46. e7 Re8 47. Rd2 Rxe7 48. Rd6+ Re6 49. Rd7 Re3+ 50. Kf2 Re7 51. Rd6+ Ke5 52. Rg6 g4 53. Ke2 Rh7 54. Kd3 f3 55. Ke3 f4+ 56. Kd3 g3 57. Rg5+ Kf6 58. Rg8 Rg7 59. Rf8+ Kg5 60. Ke4 g2 61. Rf5+ Kh4 62. Rxf4+ Rg4 63. Kxf3 g1=Q 64. Rf8 Qf1+ 65. Ke3 Qxf8 0-1


[Site "https://www.chess.com"]

[Event "Titled Tuesday Blitz December 20 Early 2022"]
[White "googlegoom"]
[Black "Karjakin, Sergey"]
[BlackFideId "14109603"]
[WhiteElo "2581"]
[BlackElo "2747"]
[Result "0-1"]
[Round "04"]
[TimeControl "180+2"]
[Date "2022.12.20"]
[WhiteClock "0:00:02"]
[BlackClock "0:00:21"]

1. Nf3 d5 2. b3 Nf6 3. Bb2 g6 4. e3 Bg7 5. Be2 O-O 6. O-O c5 7. d4 cxd4 8. Nxd4 Nc6 9. Nd2 Qc7 10. c4 Nxd4 11. Bxd4 e5 12. Bb2 d4 13. exd4 exd4 14. Bd3 Bg4 15. Qc2 Rad8 16. Rfe1 Nd7 17. b4 Ne5 18. Be4 d3 19. Qb3 b6 20. Bd5 Be2 21. Rac1 Ng4 22. g3 Rfe8 23. h3 Ne3 24. Bxg7 Kxg7 25. Qc3+ f6 26. fxe3 Qxg3+ 27. Bg2 Qxe3+ 28. Kh1 Rd4 29. Nf1 Qf4 30. Qd2 Qe5 31. c5 Rh4 32. c6 Qf5 33. c7 Rxh3+ 34. Bxh3 Qxh3+ 35. Nh2 Bf3+ 36. Kg1 Qg3+ 37. Kf1 Be2+ 38. Rxe2 dxe2+ 39. Qxe2 Qf4+ 40. Kg2 Rxe2+ 0-1


[Site "https://www.chess.com"]

[Event "Titled Tuesday Blitz December 20 Early 2022"]
[White "icychess54"]
[Black "Mone, Ved"]
[BlackFideId "25666290"]
[WhiteElo "2186"]
[BlackElo "1254"]
[Result "0-1"]
[Round "04"]
[TimeControl "180+2"]
[Date "2022.12.20"]
[WhiteClock "0:00:08"]
[BlackClock "0:01:27"]

1. c4 Nf6 2. Nf3 c6 3. Nc3 d5 4. e3 Bg4 5. b3 e6 6. Bb2 Nbd7 7. Be2 Bd6 8. O-O O-O 9. Nd4 Bxe2 10. Qxe2 a5 11. f4 Nc5 12. cxd5 exd5 13. Rac1 Qd7 14. Kh1 Rfe8 15. h3 a4 16. b4 Nce4 17. Nxe4 Nxe4 18. Rf3 Bxb4 19. d3 Nf6 20. g4 a3 21. Ba1 Bf8 22. Rg1 c5 23. Nf5 d4 24. e4 c4 25. Bxd4 cxd3 26. Rxd3 Nxe4 27. Be5 Qxd3 28. Qg2 Ng5 29. h4 Qh3+ 30. Qxh3 Nxh3 31. Rg3 Nf2+ 32. Kg2 Ne4 33. Re3 Nd2 34. g5 Nc4 35. Rg3 Nxe5 36. fxe5 Rxe5 0-1


[Site "https://www.chess.com"]

[Event "Titled Tuesday Blitz December 20 Early 2022"]
[White "kidagent"]
[Black "Nenezic, Marko"]
[BlackFideId "912123"]
[WhiteElo "2292"]
[BlackElo "2514"]
[Result "1/2-1/2"]
[Round "04"]
[TimeControl "180+2"]
[Date "2022.12.20"]
[WhiteClock "0:00:10"]
[BlackClock "0:00:11"]

1. e4 e6 2. d4 d5 3. Nd2 Nf6 4. e5 Nfd7 5. f4 b6 6. Ngf3 a5 7. c3 g6 8. Bd3 Ba6 9. Qe2 Bxd3 10. Qxd3 c5 11. O-O Nc6 12. a3 Qc8 13. Re1 Qa6 14. Qxa6 Rxa6 15. a4 cxd4 16. cxd4 Nb4 17. Rd1 Be7 18. Nb1 O-O 19. Nc3 Rc8 20. Bd2 Raa8 21. Rac1 Nb8 22. Kf1 N8c6 23. Ke2 Na7 24. Ne1 Rc6 25. Nb5 Nxb5 26. axb5 Rcc8 27. Rxc8+ Rxc8 28. Rc1 Rxc1 29. Bxc1 h5 30. Be3 Kf8 31. Kd2 Ke8 32. h3 Kd7 33. g4 hxg4 34. hxg4 Ke8 35. Bf2 Na2 36. Ng2 Nb4 37. Ne3 Na2 38. f5 gxf5 39. gxf5 Bg5 40. f6 Nb4 41. Ke2 Bxe3 42. Bxe3 Kf8 43. Bd2 Kg8 44. Bxb4 axb4 45. Kf3 Kh7 46. Kg4 Kg6 47. b3 Kh6 48. Kh4 Kg6 49. Kg4 Kh6 50. Kh4 Kg6 51. Kg4 1/2-1/2


[Site "https://www.chess.com"]

[Event "Titled Tuesday Blitz December 20 Early 2022"]
[White "manitodeplomo"]
[Black "Battlecruiser_Operational"]
[WhiteElo "2639"]
[BlackElo "2428"]
[Result "0-1"]
[Round "04"]
[TimeControl "180+2"]
[Date "2022.12.20"]
[WhiteClock "0:00:01"]
[BlackClock "0:00:10"]

1. d4 e6 2. c4 f5 3. g3 Nf6 4. Bg2 Be7 5. d5 O-O 6. Nc3 d6 7. Nf3 e5 8. O-O a5 9. Ng5 Na6 10. e4 Nc5 11. f3 h6 12. Nh3 Qe8 13. Nf2 Bd7 14. Be3 b6 15. Qd2 Qh5 16. exf5 Qxf5 17. Rae1 Qh5 18. f4 Rae8 19. fxe5 dxe5 20. Nfe4 Nfxe4 21. Nxe4 Nxe4 22. Bxe4 Bh3 23. Rxf8+ Rxf8 24. Qd1 Qxd1 25. Rxd1 Bd6 26. b3 Rf6 27. Bg2 Bf5 28. Rf1 Kf7 29. Rf2 Bd3 30. Rd2 Bh7 31. Bh3 Ke7 32. Bf1 Bb4 33. Rf2 Rxf2 34. Kxf2 Bb1 35. Be2 Bxa2 36. Bd1 a4 37. bxa4 Bxc4 0-1


[Site "https://www.chess.com"]

[Event "Titled Tuesday Blitz December 20 Early 2022"]
[White "milovichalex"]
[Black "KerryStead"]
[WhiteElo "2303"]
[BlackElo "2033"]
[Result "1-0"]
[Round "04"]
[TimeControl "180+2"]
[Date "2022.12.20"]
[WhiteClock "0:00:04"]
[BlackClock "0:00:01"]

1. e4 c6 2. d4 d5 3. Nc3 dxe4 4. Nxe4 Bf5 5. Ng3 Bg6 6. Nh3 Nf6 7. Nf4 e6 8. h4 Bf5 9. Nxf5 exf5 10. Bc4 Bd6 11. Qe2+ Qe7 12. Qxe7+ Kxe7 13. f3 Re8 14. Kf2 Nbd7 15. c3 Nb6 16. Bd3 g6 17. Nh3 h5 18. Bg5 Nd7 19. Bh6 Kd8 20. c4 c5 21. dxc5 Bxc5+ 22. Kf1 Ne5 23. Be2 Nfd7 24. Rd1 Kc7 25. a3 a5 26. Bf4 f6 27. Bd2 Nc6 28. Nf4 Nce5 29. b4 axb4 30. axb4 Bf8 31. Nd5+ Kc8 32. c5 Ra2 33. Bb5 Re6 34. Kf2 b6 35. c6 Nxc6 36. Rhe1 Nd4 37. Rxe6 Nxe6 38. Kf1 Ne5 39. Nxb6+ Kb7 40. Nd5 Nd4 41. Be8 Nb3 42. Be3 Nc4 43. Bf2 Nbd2+ 44. Kg1 Bd6 45. Bxg6 f4 46. Nxf6 1-0


[Site "https://www.chess.com"]

[Event "Titled Tuesday Blitz December 20 Early 2022"]
[White "politeplayer"]
[Black "Zozik, S. Mohammed"]
[BlackFideId "4803280"]
[WhiteElo "2244"]
[BlackElo "2116"]
[Result "1-0"]
[Round "04"]
[TimeControl "180+2"]
[Date "2022.12.20"]
[WhiteClock "0:00:07"]
[BlackClock "0:00:53"]

1. e4 c5 2. Nf3 d6 3. d4 cxd4 4. Nxd4 Nf6 5. Nc3 a6 6. Bc4 e6 7. a4 Nc6 8. O-O Be7 9. Ba2 O-O 10. Be3 Nb4 11. Bb3 d5 12. e5 Nd7 13. f4 Nc5 14. f5 Bg5 15. Qd2 Bxe3+ 16. Qxe3 Nxb3 17. cxb3 exf5 18. Rad1 g6 19. Qh6 Be6 20. Rf4 Qb6 21. Rh4 Rfe8 22. Qxh7+ Kf8 23. Qh8+ Ke7 24. Qf6+ Kd7 25. Kh1 Nc6 26. Nxe6 fxe6 27. Rh7+ Re7 28. Nxd5 Qxb3 29. Rxe7+ Nxe7 30. Qxe7+ Kc6 31. Qxe6+ Kc5 32. Qe7+ Kc6 33. Qc7# 1-0


[Site "https://www.chess.com"]

[Event "Titled Tuesday Blitz December 20 Early 2022"]
[White "profofchess"]
[Black "ChessFanNM"]
[WhiteElo "2442"]
[BlackElo "2395"]
[Result "0-1"]
[Round "04"]
[TimeControl "180+2"]
[Date "2022.12.20"]
[WhiteClock "0:00:04"]
[BlackClock "0:00:08"]

1. e4 c6 2. d4 d5 3. e5 Bf5 4. Nd2 e6 5. Nb3 Nd7 6. Nf3 h6 7. Be2 a6 8. a4 c5 9. c3 Rc8 10. O-O Ne7 11. Nxc5 Nxc5 12. dxc5 Rxc5 13. b4 Rxc3 14. b5 a5 15. Bd2 Rc8 16. Nd4 Bh7 17. Qe1 b6 18. Rc1 Nf5 19. Nc6 Qd7 20. g4 Nh4 21. Be3 Bc5 22. Rxc5 bxc5 23. Bxc5 d4 24. Bd6 Rxc6 25. bxc6 Qxc6 26. f3 d3 27. Bxd3 Bxd3 28. Qxh4 g5 29. Qf2 Bxf1 30. Qxf1 Kd7 31. Qd3 Rc8 32. Qh7 Qc1+ 33. Kg2 Qc2+ 34. Qxc2 Rxc2+ 35. Kg3 Ra2 36. h4 Rxa4 37. Bf8 gxh4+ 38. Kxh4 Rc4 39. Bxh6 a4 40. Bf8 Rc3 41. f4 a3 42. Bb4 Rb3 43. Bc5 a2 44. Bd4 Rb1 45. Kg5 a1=Q 46. Bxa1 Rxa1 47. Kf6 Ke8 48. f5 Ra4 49. g5 exf5 50. e6 fxe6 51. g6 Rg4 52. g7 f4 0-1


[Site "https://www.chess.com"]

[Event "Titled Tuesday Blitz December 20 Early 2022"]
[White "rasmussvane"]
[Black "Ball, John D L"]
[BlackFideId "402150"]
[WhiteElo "2949"]
[BlackElo "2230"]
[Result "1/2-1/2"]
[Round "04"]
[TimeControl "180+2"]
[Date "2022.12.20"]
[WhiteClock "0:00:10"]
[BlackClock "0:00:13"]

1. Nf3 Nf6 2. g3 g6 3. Bg2 Bg7 4. O-O O-O 5. d4 c5 6. dxc5 Na6 7. Be3 Qc7 8. Bd4 Nxc5 9. Nc3 Nce4 10. Nxe4 Nxe4 11. Bxg7 Kxg7 12. Qd4+ Nf6 13. c4 d6 14. Rac1 Rb8 15. c5 dxc5 16. Rxc5 Qb6 17. Qe5 Be6 18. Rb5 Qa6 19. Nd4 Qxa2 20. b3 Bd7 21. Ra5 Qd2 22. Rxa7 Qb4 23. e3 Rfc8 24. h3 h5 25. Qa5 Qd6 26. Rxb7 Rxb7 27. Bxb7 Rb8 28. Bg2 e5 29. Nf3 Rb5 30. Qc3 Be6 31. b4 Nd5 32. Qxe5+ Qxe5 33. Nxe5 Nxb4 34. Nf3 Nc2 35. Rc1 Rb2 36. h4 Bd5 37. Ne1 Nxe1 38. Bxd5 Nd3 39. Rf1 Rd2 40. Be4 Nc5 41. Bf3 Nd3 42. Kg2 Ne5 43. Be4 Ng4 44. Kg1 f5 45. Bf3 Ne5 46. Kg2 Nd3 47. Bc6 Kf6 48. Bb5 Ne5 49. Re1 Ng4 50. Be2 Ne5 51. Kg1 Rb2 52. Kf1 Kg7 53. Rc1 Kf6 54. Ra1 Kg7 55. Ra6 Rb1+ 56. Kg2 Rb2 57. Re6 Rxe2 58. Rxe5 Kf6 59. Ra5 Rb2 60. Kf3 Rb4 61. Rd5 Ke6 62. Rc5 Kf6 63. Rc6+ Kf7 64. Rd6 Rb2 65. Rd4 Kf6 66. Rd6+ Kf7 67. Rd1 Kf6 68. Rc1 Ra2 69. Rb1 Rc2 70. Rb6+ Kf7 71. Rb4 Kf6 72. Rf4 Ke5 73. Kg2 Ra2 74. Rc4 Kf6 75. Rc6+ Kf7 76. Rc1 Kf6 77. Kf3 Rb2 78. Rd1 Ra2 79. Rb1 Rc2 80. Rb6+ Kf7 81. Kf4 Rxf2+ 82. Kg5 Rf3 83. Rf6+ Ke7 84. Rxg6 Rxg3+ 85. Kxf5 Rxe3 86. Kg5 Kf7 87. Kxh5 Re5+ 88. Rg5 Rxg5+ 89. hxg5 Kg7 90. Kg4 Kg6 91. Kf4 Kg7 92. Kf5 Kf7 93. g6+ Kg7 94. Kg5 Kg8 95. Kh5 Kg7 96. Kg5 Kg8 97. Kf6 Kf8 98. g7+ Kg8 99. Kg6 1/2-1/2


[Site "https://www.chess.com"]

[Event "Titled Tuesday Blitz December 20 Early 2022"]
[White "severomorskij"]
[Black "Abasov, Nijat"]
[BlackFideId "13402960"]
[WhiteElo "2844"]
[BlackElo "2634"]
[Result "1-0"]
[Round "04"]
[TimeControl "180+2"]
[Date "2022.12.20"]
[WhiteClock "0:00:07"]
[BlackClock "0:00:05"]

1. d4 Nf6 2. Bg5 Ne4 3. Bf4 d5 4. f3 Nf6 5. Nc3 e6 6. e4 Bb4 7. e5 Nfd7 8. a3 Be7 9. Be3 c5 10. f4 cxd4 11. Qxd4 Nc6 12. Qd2 Ndxe5 13. fxe5 d4 14. O-O-O dxe3 15. Qxe3 Qb6 16. Qg3 O-O 17. Nf3 Qe3+ 18. Kb1 Rd8 19. Bd3 b5 20. h4 b4 21. axb4 Bxb4 22. Bxh7+ Kf8 23. Rxd8+ Nxd8 24. Rd1 Bb7 25. Rd3 Qb6 26. h5 Rb8 27. h6 g6 28. Bxg6 Bxc3 29. Rxc3 Be4 30. b3 Bxg6 31. Nh4 Be4 32. Qg7+ Ke7 33. h7 Qd4 34. h8=Q Qxc3 35. Qgf8+ Kd7 36. Qd6+ Kc8 37. Qhxd8+ Kb7 38. Q8xb8# 1-0


[Site "https://www.chess.com"]

[Event "Titled Tuesday Blitz December 20 Early 2022"]
[White "sofaceindisguise"]
[Black "OparinGrigoriy"]
[WhiteElo "2741"]
[BlackElo "3013"]
[Result "0-1"]
[Round "04"]
[TimeControl "180+2"]
[Date "2022.12.20"]
[WhiteClock "0:00:33"]
[BlackClock "0:02:03"]

1. c4 e5 2. Nc3 Bb4 3. e4 Nf6 4. d3 O-O 5. Nf3 Re8 6. Be2 c6 7. O-O h6 8. a3 Bxc3 9. bxc3 d5 10. cxd5 cxd5 11. exd5 Nxd5 12. c4 Nf6 13. Bb2 Nc6 14. d4 exd4 15. Nxd4 Nxd4 16. Bxd4 Rxe2 17. Qxe2 Qxd4 18. Rfd1 Qb6 19. Rab1 Qc7 20. Qf3 Rb8 21. h3 Be6 22. Rd4 Nd7 23. Qe3 b6 24. a4 Rc8 25. a5 bxa5 26. Ra1 Nc5 27. Qd2 a4 28. Qb4 Nb3 29. Rd8+ Rxd8 30. Qf8+ Rxf8 31. Rxa4 0-1


[Site "https://www.chess.com"]

[Event "Titled Tuesday Blitz December 20 Early 2022"]
[White "stollenmonster"]
[Black "KubaGepard"]
[WhiteElo "2932"]
[BlackElo "2594"]
[Result "1/2-1/2"]
[Round "04"]
[TimeControl "180+2"]
[Date "2022.12.20"]
[WhiteClock "0:00:32"]
[BlackClock "0:00:21"]

1. e4 e5 2. Nc3 Nf6 3. g3 d5 4. exd5 Nxd5 5. Bg2 Nxc3 6. bxc3 Nc6 7. d3 Bc5 8. Ne2 O-O 9. O-O Bb6 10. h3 Be6 11. c4 Qd7 12. Kh2 Rad8 13. Be3 Rfe8 14. Rb1 Nd4 15. Nxd4 exd4 16. Bf4 c6 17. a4 Bc5 18. Qd2 b6 19. a5 b5 20. cxb5 cxb5 21. a6 b4 22. Rfe1 Bd5 23. Rxe8+ Rxe8 24. Bxd5 Qxd5 25. Re1 Re6 26. Re2 f6 27. Qe1 Kf7 28. Rxe6 Qxe6 29. Qa1 g5 30. Bc7 Kg6 31. Qa4 Qc8 32. Qa5 Be7 33. g4 h5 34. Kg3 hxg4 35. hxg4 Qe6 36. Qb5 Bd6+ 37. Bxd6 Qxd6+ 38. Kg2 Qf4 39. Qe8+ Kg7 40. Qd7+ Kg6 41. Qc8 Kh6 42. Qf5 Qd6 43. Qc8 Qf4 44. Kf1 Qc1+ 45. Ke2 Qf4 46. f3 Qh2+ 47. Kf1 Qh1+ 48. Kf2 Qh2+ 49. Kf1 Qh1+ 50. Kf2 Qh2+ 51. Kf1 1/2-1/2


[Site "https://www.chess.com"]

[Event "Titled Tuesday Blitz December 20 Early 2022"]
[White "supertfc"]
[Black "Sergey85Rodchenkov"]
[WhiteElo "2268"]
[BlackElo "2458"]
[Result "1-0"]
[Round "04"]
[TimeControl "180+2"]
[Date "2022.12.20"]
[WhiteClock "0:00:01"]
[BlackClock "0:00:42"]

1. e4 c5 2. Nf3 d6 3. Bb5+ Nd7 4. O-O a6 5. Bd3 Ngf6 6. Re1 b5 7. c4 bxc4 8. Bxc4 Bb7 9. Nc3 e6 10. d4 cxd4 11. Nxd4 Rc8 12. Bxe6 fxe6 13. Nxe6 Qe7 14. Nf4 Ne5 15. Nfd5 Qf7 16. f4 Ned7 17. e5 dxe5 18. fxe5 Bc5+ 19. Kh1 O-O 20. e6 Qg6 21. exd7 Nxd7 22. Qb3 Qf7 23. Bg5 Ba8 24. Be7 Kh8 25. Bxf8 Rxf8 26. Qc4 Bd6 27. Rf1 Nf6 28. Ne3 Qh5 29. Ng4 Nxg4 30. Rxf8+ Bxf8 31. Qf4 Bc5 32. Qb8+ 1-0


[Site "https://www.chess.com"]

[Event "Titled Tuesday Blitz December 20 Early 2022"]
[White "szachuspl"]
[Black "jaldjald"]
[WhiteElo "2642"]
[BlackElo "2386"]
[Result "1-0"]
[Round "04"]
[TimeControl "180+2"]
[Date "2022.12.20"]
[WhiteClock "0:01:10"]
[BlackClock "0:00:07"]

1. d4 d5 2. c4 e6 3. Nc3 c5 4. cxd5 exd5 5. Nf3 Nc6 6. g3 Nf6 7. Bg2 cxd4 8. Nxd4 Bc5 9. Nb3 Bb6 10. O-O d4 11. Na4 O-O 12. Bg5 h6 13. Bxf6 Qxf6 14. Rc1 Rd8 15. Nac5 a5 16. Nd3 Be6 17. a3 Bd5 18. Nbc5 Bxg2 19. Kxg2 Ne5 20. Nxe5 Qxe5 21. Nd3 Qe4+ 22. Kg1 Re8 23. Re1 h5 24. Qd2 h4 25. Qf4 h3 26. Qxe4 Rxe4 27. Nf4 Rae8 28. Kf1 a4 29. Rc2 Ba5 30. Rd1 g5 31. Nxh3 f6 32. f3 Re3 33. Rxd4 R8e7 34. Nf2 Bb6 35. Re4 Kf7 36. Rxe7+ Rxe7 37. Ne4 Rd7 38. Rd2 Rc7 39. Nc3 Kg6 40. e4 Rc4 41. Ke2 Bd4 42. Rd3 Be5 43. Ke3 b5 44. f4 gxf4+ 45. gxf4 Bxc3 46. Rxc3 1-0


[Site "https://www.chess.com"]

[Event "Titled Tuesday Blitz December 20 Early 2022"]
[White "talaicito"]
[Black "KarstenHansch"]
[WhiteElo "2293"]
[BlackElo "2520"]
[Result "0-1"]
[Round "04"]
[TimeControl "180+2"]
[Date "2022.12.20"]
[WhiteClock "0:00:07"]
[BlackClock "0:00:23"]

1. d4 Nf6 2. Bf4 c5 3. e3 cxd4 4. exd4 d5 5. Nc3 Bg4 6. f3 Bh5 7. Nb5 Na6 8. c3 e6 9. h4 Bg6 10. g4 h5 11. g5 Nd7 12. Bd3 Bxd3 13. Qxd3 g6 14. Ne2 Be7 15. O-O-O O-O 16. Kb1 Nb6 17. Be5 Nc4 18. Nf4 Nxe5 19. dxe5 Kg7 20. Nd4 Nc5 21. Qc2 Qb6 22. Ka1 a5 23. Rhg1 a4 24. a3 Rfc8 25. Ka2 Nb3 26. Nxb3 axb3+ 27. Qxb3 Qf2 28. Nxe6+ fxe6 29. Qxb7 Kf7 30. Rd4 Rxa3+ 31. Kb1 Qxg1+ 32. Kc2 Qh2+ 33. Kd3 Ra1 34. Qxc8 Rd1+ 35. Ke3 Re1+ 36. Kd3 Qe2# 0-1


[Site "https://www.chess.com"]

[Event "Titled Tuesday Blitz December 20 Early 2022"]
[White "tdf98pantani"]
[Black "AwareIdea"]
[WhiteElo "2734"]
[BlackElo "2513"]
[Result "1-0"]
[Round "04"]
[TimeControl "180+2"]
[Date "2022.12.20"]
[WhiteClock "0:00:22"]
[BlackClock "0:00:10"]

1. d4 Nf6 2. Nf3 e6 3. Bf4 d5 4. e3 c5 5. Nbd2 Nc6 6. c3 Bd6 7. Bg3 O-O 8. Bd3 b6 9. Ne5 Bb7 10. f4 Ne7 11. Bh4 Ne4 12. Bxe4 dxe4 13. Ndc4 cxd4 14. Qxd4 Bxe5 15. Qxd8 Rfxd8 16. Bxe7 Rd7 17. Nxe5 Rxe7 18. O-O-O f6 19. Ng4 Rc8 20. Rd2 Kf7 21. Rhd1 b5 22. Rd8 Rcc7 23. Kb1 Bd5 24. Nf2 a5 25. f5 Red7 26. Rxd7+ Rxd7 27. fxe6+ Kxe6 28. b3 a4 29. Kb2 axb3 30. axb3 Ra7 31. g4 g5 32. Rd4 Ke5 33. Rb4 Bc6 34. c4 bxc4 35. Rxc4 Bd5 36. Rb4 h5 37. gxh5 Rh7 38. Rb5 Ke6 39. Ng4 Rxh5 40. Rb6+ Ke7 41. Nxf6 Rxh2+ 42. Kc3 Be6 43. Nxe4 g4 44. Kd4 Rb2 45. b4 Rb3 46. Ke5 Bd7 47. Kf4 Rd3 48. Nc5 Rd5 49. Rb7 Kd8 50. Rxd7+ Rxd7 51. Nxd7 Kxd7 52. Kxg4 Kc6 53. e4 Kb5 54. e5 Kxb4 55. e6 Kc5 56. e7 Kd6 57. e8=Q Kc7 58. Qe6 1-0


[Site "https://www.chess.com"]

[Event "Titled Tuesday Blitz December 20 Early 2022"]
[White "tortorchess"]
[Black "Liyanage, Ranindu Dilshan"]
[BlackFideId "9915834"]
[WhiteElo "1836"]
[BlackElo "2342"]
[Result "0-1"]
[Round "04"]
[TimeControl "180+2"]
[Date "2022.12.20"]
[WhiteClock "0:00:15"]
[BlackClock "0:00:32"]

1. d4 Nf6 2. c4 e6 3. Nc3 d5 4. cxd5 exd5 5. Nf3 Bb4 6. Bd2 O-O 7. e3 Bf5 8. Be2 h6 9. O-O c6 10. a3 Bd6 11. h3 Nbd7 12. Be1 Qe7 13. Bd3 Ne4 14. Qc2 Rfe8 15. b4 Rac8 16. Rc1 Qf6 17. Nd2 Qg6 18. Bxe4 dxe4 19. Kh1 Qh5 20. Ndxe4 Bxh3 21. Nxd6 Bf5+ 22. Kg1 Bxc2 23. Rxc2 Qg6 24. Nce4 Rxe4 25. Nxc8 Re8 26. Rc1 Rxc8 27. b5 Re8 28. Bb4 Qh5 29. bxc6 bxc6 30. Rxc6 Nf6 31. Rfc1 Ng4 32. Bd6 Kh7 33. Bg3 Nf6 34. R6c5 g5 35. Be5 Ne4 36. Rc7 g4 37. Rxa7 Qf5 38. Rcc7 Qxf2+ 39. Kh2 Qh4+ 40. Kg1 Qf2+ 41. Kh2 g3+ 42. Kh3 Qf5+ 43. Kh4 Qg5+ 44. Kh3 Qh5# 0-1


[Site "https://www.chess.com"]

[Event "Titled Tuesday Blitz December 20 Early 2022"]
[White "tusplingher"]
[Black "Arnaldofdelavaramulet"]
[WhiteElo "2362"]
[BlackElo "2648"]
[Result "1-0"]
[Round "04"]
[TimeControl "180+2"]
[Date "2022.12.20"]
[WhiteClock "0:00:04"]
[BlackClock "0:00:02"]

1. e4 c5 2. Be2 Nc6 3. d3 Nf6 4. Be3 d5 5. exd5 Nxd5 6. Nf3 g6 7. O-O Bg7 8. c3 b6 9. d4 O-O 10. dxc5 Nxe3 11. Qxd8 Rxd8 12. fxe3 Bh6 13. Kf2 bxc5 14. Nbd2 Ne5 15. Nxe5 Rxd2 16. Nc4 Rd8 17. Rfd1 Be6 18. Na5 Rxd1 19. Rxd1 Bxa2 20. b3 Rb8 21. Bc4 Bg7 22. Ra1 Bxc3 23. Rxa2 Rb6 24. Bd5 g5 25. Nc4 Rxb3 26. Rxa7 e6 27. Bf3 f5 28. Be2 g4 29. Re7 Rb1 30. Kg3 Re1 31. Bd3 Rd1 32. Rd7 Kf8 33. Rd6 Kf7 34. Be2 Re1 35. Bd3 Kf6 36. Rd8 Rh1 37. Rf8+ Kg7 38. Rd8 Be1+ 39. Kf4 Rxh2 40. Rd7+ Kg6 41. Ne5+ Kh6 42. Nf7+ Kh5 43. Ne5 h6 44. Bxf5 exf5 45. Kxf5 Rxg2 46. Rh7 Bc3 47. Nf7 Rf2+ 48. Ke4 g3 49. Rxh6+ Kg4 50. Rg6+ Kh3 51. Ng5+ Kg2 52. Ne6 Kh2 53. Nf4 Rxf4+ 54. Kxf4 g2 55. Kf3 g1=N+ 56. Kf2 Nh3+ 57. Ke2 Be5 58. Kd3 Nf2+ 59. Kc4 Ne4 60. Re6 Nd2+ 61. Kxc5 Nf3 62. Kd5 Kg3 63. Rxe5 Kf2 64. e4 Ke3 65. Rf5 Nh4 66. Rh5 Ng2 67. Rg5 Nh4 68. e5 Kf4 69. Rh5 Ng6 70. e6 Kg4 71. Rh6 Nf4+ 72. Ke5 Kg5 73. Rh8 Ng6+ 74. Kd6 Nxh8 75. e7 Nf7+ 76. Ke6 1-0


[Site "https://www.chess.com"]

[Event "Titled Tuesday Blitz December 20 Early 2022"]
[White "tylityli"]
[Black "guillembaches"]
[WhiteElo "2334"]
[BlackElo "2464"]
[Result "1-0"]
[Round "04"]
[TimeControl "180+2"]
[Date "2022.12.20"]
[WhiteClock "0:00:06"]
[BlackClock "0:00:10"]

1. d4 Nf6 2. c4 e6 3. Nc3 d5 4. cxd5 Nxd5 5. e4 Nxc3 6. bxc3 c5 7. Rb1 Be7 8. Nf3 O-O 9. Bc4 b6 10. O-O Bb7 11. Qe2 cxd4 12. cxd4 Nd7 13. Bf4 Rc8 14. Ba6 Bxa6 15. Qxa6 Nf6 16. Qxa7 Nxe4 17. Qxb6 Nc3 18. Qxd8 Rfxd8 19. Rb2 Ra8 20. Ra1 Ra3 21. Bc1 Ra4 22. h3 Rda8 23. Rc2 Nxa2 24. Be3 f6 25. g3 Nb4 26. Rxa4 Rxa4 27. Rc7 Nd5 28. Rc2 Kf7 29. Kf1 Ra3 30. Ke2 g5 31. Nd2 h5 32. Nc4 Rb3 33. Nd2 Rb7 34. Ne4 h4 35. Nc5 Ra7 36. gxh4 gxh4 37. Kf3 Ra3 38. Rb2 f5 39. Rb3 Ra4 40. Nxa4 f4 41. Bxf4 Kg6 42. Be3 Kf5 43. Rb5 Bf6 44. Nc3 Kg6 45. Nxd5 exd5 46. Rxd5 Bg7 47. Rb5 Kh7 48. Rb7 Kg6 49. Rxg7+ Kh5 50. Rg5+ Kh6 51. Kg4 Kh7 52. Kxh4 Kh6 53. Kg4 Kh7 54. Kf5 Kh6 55. Kf6 Kh7 56. Kf7 Kh6 57. Bf4 Kh7 58. Rh5# 1-0


[Site "https://www.chess.com"]

[Event "Titled Tuesday Blitz December 20 Early 2022"]
[White "viditchess"]
[Black "Ducrest, Pierre"]
[BlackFideId "1303627"]
[WhiteElo "2986"]
[BlackElo "2004"]
[Result "1/2-1/2"]
[Round "04"]
[TimeControl "180+2"]
[Date "2022.12.20"]
[WhiteClock "0:00:14"]
[BlackClock "0:00:29"]

1. c4 Nf6 2. g3 c6 3. Bg2 d5 4. Nf3 dxc4 5. O-O Nbd7 6. Qc2 Nb6 7. a4 a5 8. Na3 g6 9. Nxc4 Nxc4 10. Qxc4 Bg7 11. d4 O-O 12. Bf4 Be6 13. Qc1 Bd5 14. Rd1 Qb6 15. Bh6 Rfd8 16. Bxg7 Kxg7 17. e3 Rac8 18. Ra3 c5 19. dxc5 Rxc5 20. Rc3 Rdc8 21. Rxc5 Rxc5 22. Qd2 e6 23. Qd4 Qc7 24. Qf4 Qxf4 25. gxf4 Rc2 26. b3 Rb2 27. Nd4 Bxg2 28. Kxg2 Ng4 29. Kf3 Nxf2 30. Rc1 Nd3 31. Rc7 Kf6 32. Rxb7 Rxh2 33. Nc6 Rf2+ 34. Kg3 Re2 35. Kf3 Rf2+ 36. Kg3 Re2 37. Kf3 Rf2+ 1/2-1/2


[Site "https://www.chess.com"]

[Event "Titled Tuesday Blitz December 20 Early 2022"]
[White "wonderfultime"]
[Black "Narayanan, Srinath"]
[BlackFideId "5018420"]
[WhiteElo "3066"]
[BlackElo "2559"]
[Result "1-0"]
[Round "04"]
[TimeControl "180+2"]
[Date "2022.12.20"]
[WhiteClock "0:00:10"]
[BlackClock "0:00:09"]

1. d4 Nf6 2. Nf3 d5 3. Bf4 c5 4. c3 e6 5. e3 Bd6 6. Nbd2 Bxf4 7. exf4 cxd4 8. cxd4 Nc6 9. Bd3 O-O 10. O-O b6 11. Rc1 Bb7 12. a3 Rc8 13. Qe2 Ne7 14. Ne5 Rxc1 15. Rxc1 Qb8 16. Re1 Nc6 17. Ndf3 Rc8 18. Ng5 Nd8 19. f5 h6 20. Nh3 Ne4 21. f3 exf5 22. fxe4 dxe4 23. Bc4 Qd6 24. Rd1 Ne6 25. Qh5 Rc7 26. Qxf5 e3 27. Nxf7 e2 28. Nxh6+ gxh6 29. Qxe6+ Kf8 30. Qxd6+ 1-0


[Site "https://www.chess.com"]